 Dungeon Crawl Stone Soup version 0.31-a0-1001-g770356a28f (webtiles) character file.

Game seed: 5553622254230745882

90558 Ge0ff the Impaler (level 16, -4/122 HPs)
             Began as a Formicid Chaos Knight on Nov 8, 2023.
             Was a Plaything of Xom.
             Killed from afar by Roxanne (44 damage)
             ... with a crystal spear
             ... on level 14 of the Dungeon on Nov 9, 2023.
             The game lasted 01:04:00 (22586 turns).

Ge0ff the Impaler (Formicid Chaos Knight)          Turns: 22586, Time: 01:04:00

Health: -4/122     AC: 29    Str: 37    XL:     16   Next: 47%
Magic:  25/25      EV: 10    Int: 10    God:    Xom [.....*]
Gold:   1762       SH: 24    Dex: 15    Spells: 15/15 levels left

rFire   + + .        a - +6 bardiche (protect)
rCold   + + .        Q - +7 kite shield "Mema Gamuetz" {Fly rN+ Str+3}
rNeg    + . .        B - +0 plate armour
rPois   +            (helmet unavailable)
rElec   +            p - +2 cloak
rCorr   +            U - +0 pair of gloves
SInv    +            T - +1 pair of boots of the Armadillo {rCorr}
Will    +++..        I - amulet of reflection Stlth
                     Y - ring "Mynat" {Drain rPois Will++ MP+9 Dex+4, =R}
HPRegen 0.40/turn    v - ring of Vodka {rElec rPois rCorr Str+3}
MPRegen 0.19/turn

%: reflection
@: under a protective aura, flying
A: permanent stasis, dig shafts and tunnels, antennae 3, four strong arms, cold
resistance 2, dopey 1, fire resistance 2, frail 1, sense surroundings 1, shaggy
fur 1, strong 2
a: Dig, Shaft Self, Renounce Religion


You were on level 14 of the Dungeon.
You worshipped Xom.
You were Xom's teddy bear.
You visited 4 branches of the dungeon, and saw 22 of its levels.
You also visited: Sewer.

You collected 4132 gold pieces.
You spent 2370 gold pieces at shops.

Inventory:

Hand Weapons
 a - a +6 bardiche of protection (weapon)
 b - a +0 trident
 k - a +2 halberd of pain
 S - a +0 spear of chaos
Missiles
 c - 4 silver javelins
 g - a throwing net {=F}
 l - 166 stones (quivered)
 x - 23 boomerangs
 G - 49 poisoned darts
 K - 6 atropa-tipped darts
 L - 5 javelins
Armour
 h - the +3 leather armour of Micooqiu {rElec rC+ rN+ Int-2}
   (You found it on level 3 of the Lair of Beasts)

   Int-2:     It affects your intelligence (-2).
   rC+:       It protects you from cold.
   rElec:     It insulates you from electricity.
   rN+:       It protects you from negative energy.
 p - a +2 cloak (worn)
 B - a +0 plate armour (worn)
 Q - the +7 kite shield "Mema Gamuetz" (worn) {Fly rN+ Str+3}
   (You bought it in a shop on level 1 of the Dungeon)

   Str+3:     It affects your strength (+3).
   rN+:       It protects you from negative energy.
   Fly:       It grants you flight.
 T - the +1 pair of boots of the Armadillo (worn) {rCorr}
   (You found it on level 1 of the Lair of Beasts)

   rCorr:     It protects you from acid and corrosion.
 U - a +0 pair of gloves (worn)
Jewellery
 v - the ring of Vodka (right hand) {rElec rPois rCorr Str+3}
   (You bought it in a shop on level 5 of the Dungeon)

   [ring of poison resistance]

   Str+3:     It affects your strength (+3).
   rElec:     It insulates you from electricity.
   rPois:     It protects you from poison rCorr: It protects you from acid and
   corrosion.
 w - a ring of protection from fire
 D - a ring of wizardry
 I - an amulet of reflection (around neck)
 O - an amulet of guardian spirit
 Y - the ring "Mynat" (left hand) {Drain rPois Will++ MP+9 Dex+4, =R}
   (Xom gifted it to you on level 1 of the Orcish Mines)

   [ring of magical power]

   Dex+4:     It affects your dexterity (+4).
   rPois:     It protects you from poison Will++: It greatly increases your
   willpower.
   MP+9:      It affects your magic capacity (+9).
   Drain:     It drains your maximum health when unequipped.
 Z - a +5 ring of evasion
Wands
 d - a wand of digging (13)
 e - a wand of charming (2)
 f - a wand of flame (31)
 j - a wand of quicksilver (14)
 r - a wand of roots (5)
Scrolls
 m - 4 scrolls of revelation
 y - 3 scrolls of immolation
 C - a scroll of poison
 E - 4 scrolls of fear
 F - 8 scrolls of fog
 H - a scroll of brand weapon
 J - 5 scrolls of silence {!r}
 P - 10 scrolls of enchant armour
 V - 4 scrolls of vulnerability
Potions
 o - a potion of ambrosia
 q - 3 potions of curing
 u - 2 potions of mutation {!q}
 A - 4 potions of attraction
 M - 7 potions of might
 N - 4 potions of cancellation {!q}
 R - a potion of resistance
 W - 5 potions of heal wounds {!q}
 X - 8 potions of enlightenment
Miscellaneous
 n - a phial of floods


   Skills:
 + Level 15.3 Fighting
 * Level 20.1 Polearms
 + Level 3.0 Throwing
 + Level 8.8 Armour
 + Level 4.9 Dodging
 - Level 2.0 Stealth
 + Level 10.8 Shields
 + Level 6.0 Evocations


You had 15 spell levels left.
You didn't know any spells.
Your spell library contained the following spells:

 Spells                   Type           Power      Damage    Failure   Level
 Sandblast                Erth           0%         2d4       96%         1
 Shock                    Conj/Air       0%         1d3       96%         1
 Passwall                 Tmut/Erth      0%         N/A       99%         2
 Scorch                   Fire           0%         2d5       99%         2
 Dazzling Flash           Conj/Hex       0%         N/A       100%        3
 Frozen Ramparts          Ice            0%         1d1       100%        3
 Inner Flame              Hex/Fire       0%         N/A       100%        3
 Stone Arrow              Conj/Erth      0%         3d7       100%        3
 Tukima's Dance           Hex            0%         N/A       100%        3
 Volatile Blastmotes      Fire/Tloc      0%         2d10      100%        3
 Airstrike                Air            0%         2d(0-16)  100%        4
 Animate Dead             Necr           0%         N/A       100%        4
 Brom's Barrelling Bould  Conj/Erth      0%         2d3       100%        4
 Flame Wave               Conj/Fire      0%         2d4       100%        4
 Fulminant Prism          Conj/Hex       0%         3d5       100%        4
 Iskenderun's Mystic Bla  Conj/Tloc      0%         2d3       100%        4
 Passage of Golubria      Tloc           0%         N/A       100%        4
 Petrify                  Tmut/Erth      0%         N/A       100%        4
 Sticky Flame             Conj/Fire      0%         2d3       100%        4
 Borgnjor's Vile Clutch   Necr/Erth      0%         N/A       100%        5
 Metabolic Englaciation   Hex/Ice        0%         N/A       100%        5
 Silence                  Hex/Air        0%         N/A       100%        5
 Yara's Violent Unravell  Hex/Tmut       0%         3d3       100%        5
 Death Channel            Necr           0%         N/A       100%        6
 Starburst                Conj/Fire      0%         6d3       100%        6
 Summon Cactus Giant      Summ           0%         N/A       100%        6
 Lehudib's Crystal Spear  Conj/Erth      0%         10d2      100%        8
 Maxwell's Capacitive Co  Air            0%         ∞         100%        8
 Swiftness                Air            Unusable   N/A       N/A         3

Dungeon Overview and Level Annotations

Branches:
Dungeon (14/15) Zot: 25637  Temple (1/1) D:7 Zot: 5998    Lair (5/5) D:8 Zot: 23181
 Shoals (0/4) Lair:3       Spider (0/4) Lair:3        Slime (0/5) Lair:5
    Orc (2/2) D:10 Zot: 9571     Elf (0/3) Orc:2        Vaults (0/5) D:13
  Sewer (visited)

Altars:
Ashenzari
Cheibriados
Dithmenos
Elyvilon
Fedhas
Gozag
Hepliaklqana
Kikubaaqudgha
Makhleb
Nemelex Xobeh
Okawaru
Qazlal
Ru
Sif Muna
Trog
Uskayaw
Vehumet
Wu Jian
Xom
Yredelemnul
Zin
The Shining One
Jiyva

Shops:
D:1 [   D:3 :   D:5 =   D:10 =   D:11 (   D:13 ?::=   Orc:2 :?=:

Annotations:
D:8 Gastronok
D:14 Roxanne
Orc:1 1 transporter


Innate Abilities, Weirdness & Mutations

You cannot be hasted, slowed, berserked, paralysed or teleported.
You can dig through walls and to a lower floor.
You have a pair of large antennae on your head. (SInv)
Your four strong arms can wield two-handed weapons with a shield.
Your flesh is very cold resistant. (rC++)
You are dopey. (Int -2)
Your flesh is very heat resistant. (rF++)
You are frail. (-10% HP)
You passively map a small area around you.
You are covered in fur. (AC +1)
Your muscles are very strong. (Str +8, Int/Dex -2)


Message History

Found a stone staircase leading down.
There is a stone staircase leading down here.
Xom complains about the scenery.
Two doors slam shut!
You are now Xom's teddy bear.
You reach down and open the door.
There is an open door here.
Partly explored, can't reach some items and places.
No reachable target in view!
You reach to attack!
You slice Roxanne!!
Your weapon exudes an aura of protection.
Roxanne is lightly damaged.
You reach to attack!
You hit Roxanne but do no damage.
Roxanne is lightly damaged.
You reach to attack!
You open Roxanne like a pillowcase!!!
Roxanne is heavily damaged.
You reach to attack!
You hit Roxanne but do no damage.
Roxanne is heavily damaged.
You reach to attack!
You slash Roxanne!
Roxanne is heavily damaged.
Roxanne casts a spell.
The crystal spear hits you!
You reach to attack!
You carve Roxanne like a ham!!!
Roxanne is severely damaged.
You reach to attack!
You hit Roxanne but do no damage.
Roxanne is severely damaged.
Roxanne casts a spell.
The iron shot hits you!!
You are too injured to fight recklessly!
You are too injured to fight recklessly!
Reach: a) +6 bardiche (protect)
Press: ? - help, Dir - move target, f/p - Roxanne
Aim: Roxanne (severely damaged, about 2% to evade your +6 bardiche of protection)
You reach to attack!
You hit Roxanne.
Roxanne is severely damaged.
Roxanne mumbles some strange words.
The iron shot hits you!!!
Reach: a) +6 bardiche (protect)
Press: ? - help, Dir - move target, f/p - Roxanne
Aim: Roxanne (severely damaged, about 2% to evade your +6 bardiche of protection)
You reach to attack!
You slice Roxanne!!
Roxanne is almost destroyed.
Reach: a) +6 bardiche (protect)
Press: ? - help, Dir - move target, f/p - Roxanne
Aim: Roxanne (almost destroyed, about 2% to evade your +6 bardiche of protection)
You reach to attack!
You slash Roxanne!
Roxanne is almost destroyed.
Roxanne mumbles some strange words.
The crystal spear hits you!!!
You die...

.........####..#...........#....#
.....###.#.....'...[............#
.##......#.....#.#..............#
.........#.....#.#..............#
.....#...#######................#
####.....# #....#'######......#
#..#.....# #....#......#......#
#..#..##.# #....########.#....#
#..#.....# *#..@...............#
#..#.....+..........####........#
'..#.....#....8.#...# #..###.#.#
#..#.....#..........# #..# #...#
####.....#...#......# #..# #.).#
.....##..#...#......# #..# #.#(#
.....##..#..,#..#...# #..# #.#.#
.....##..#####.$#...# #<.# #.).#
................#...# #..###...#


You could see Roxanne.

Vanquished Creatures
  Rupert (Lair:3)
  An orc warlord (Orc:1)
  Azrael (D:14)
  Snorg (D:10)
  Erolcha (D:10)
  6 hydras
  3 catoblepae
  2 ogre magi (Orc:2)
  An alligator (Orc:2)
  8 centaur warriors
  6 death yaks (Lair:5)
  7 two-headed ogres (Orc:2)
  5 boulder beetles
  A tengu warrior (D:13)
  A demonic crawler (Lair:3)
  3 skysharks
  A shadow wraith (D:13)
  3 deep trolls
  A swamp dragon (Lair:3)
  2 arcanists (D:14)
  A lindwurm (Lair:4)
  An orc knight (Orc:2)
  3 orc sorcerers (Orc:1)
  9 cyclopes
  4 ugly things
  5 manticores
  5 black mambas
  9 cane toads
  A cane toad (shapeshifter) (D:14)
  5 rime drakes
  A kobold demonologist (D:13)
  10 komodo dragons
  3 efreet
  A freezing wraith (D:14)
  A tengu conjurer (D:11)
  13 trolls
  A queen bee (shapeshifter) (D:13)
  4 meliai (D:14)
  10 polar bears (Lair:5)
  2 hornets
  29 blink frogs
  7 dream sheep (Lair:4)
  The ghost of JaaP the Sneak, an amateur KoBr (D:4)
  2 slime creatures (D:14)
  2 ynoxinuls (D:9)
  A jumping spider (shapeshifter) (D:11)
  44 yaks
  2 vampires
  3 wyverns
  2 wraiths
  5 fire elementals (D:14)
  4 basilisks
  3 steam dragons
  The ghost of AceOff the Ruffian, an amateur DrSh of Cheibriados (D:3)
  6 vampire mosquitoes
  2 acid dragons
  9 wargs
  16 water moccasins
  15 hell hounds
  17 orc warriors
  An ice beast (D:7)
  2 sky beasts
  15 black bears
  19 wolves
  22 ogres
  5 centaurs
  A phantom (D:7)
  3 kobold brigands
  A gnoll sergeant (Orc:1)
  13 bullfrogs
  8 scorpions
  4 killer bees (D:5)
  2 electric eels
  5 howler monkeys
  2 hounds
  5 jellies
  11 orc priests
  2 gnoll boudas
  3 iguanas
  16 orc wizards
  4 hell rats (Lair:3)
  A boggart simulacrum (D:14)
  21 gnolls
  16 adders
  A river rat (D:5)
  2 shadow imps
  A white imp (D:6)
  14 ufetubi
  4 worms
  6 dart slugs
  60 orcs
  6 bats
  12 endoplasms
  14 giant cockroaches
  6 goblins
  8 hobgoblins
  22 kobolds
  13 quokkas (Sewer)
  19 ball pythons
  9 frilled lizards
  9 rats
703 creatures vanquished.

Vanquished Creatures (collateral kills)
  A warg (D:10)
  A vampire mosquito (D:10)
  A centaur (D:10)
  An electric eel (D:9)
  2 orc priests
  2 orc wizards (D:10)
  8 orcs (D:10)
16 creatures vanquished.

Vanquished Creatures (others)
  A deep elf pyromancer (D:12)
  2 ogres (Orc:2)
  A bullfrog (Lair:3)
  A giant cockroach zombie (Sewer)
5 creatures vanquished.

Grand Total: 724 creatures vanquished

Notes
Turn   | Place    | Note
-------+----------+-------------------------------------------
     0 | D:1      | Ge0ff the Formicid Chaos Knight began the quest for the
                  | Orb.
     0 | D:1      | Reached XP level 1. HP: 18/18 MP: 1/1
    49 | D:1      | Reached skill level 1 in Stealth
   171 | D:1      | XOM: silly message
   179 | D:1      | Found Ushupnae's Armour Shoppe.
   226 | D:1      | Reached XP level 2. HP: 24/24 MP: 2/2
   236 | D:1      | Reached skill level 1 in Dodging
   383 | D:1      | XOM: silly message
   405 | D:1      | Reached XP level 3. HP: 29/29 MP: 3/3
   775 | D:2      | XOM: snakes to sticks
   855 | D:2      | XOM: noise
   886 | D:2      | Reached XP level 4. HP: 37/37 MP: 4/4
  1109 | D:2      | Found a faded altar of an unknown god.
  1232 | D:2      | Reached skill level 4 in Polearms
  1523 | D:3      | Found Kefan's Book Shoppe.
  1591 | D:3      | Reached XP level 5. HP: 42/42 MP: 5/5
  2131 | D:3      | Found a runed translucent gate.
  2132 | D:3      | Found a runed translucent gate.
  2132 | D:3      | Found a runed translucent gate.
  2133 | D:3      | Found an opulent altar of Gozag.
  2134 | D:3      | Noticed AceOff's ghost (amateur DrSh)
  2251 | D:4      | XOM: silly message
  2282 | D:4      | XOM: polymorph gnoll -> rat
  2299 | D:4      | XOM: potion effect (might)
  2302 | D:4      | Reached skill level 5 in Polearms
  2302 | D:4      | Reached XP level 6. HP: 39/49 MP: 6/6
  2353 | D:4      | Found a large runed translucent door.
  2353 | D:4      | Found a large runed translucent door.
  2365 | D:4      | Noticed JaaP's ghost (amateur KoBr)
  2382 | D:4      | XOM: potion effect (invisibility)
  2403 | D:4      | XOM: smoke on damage
  2408 | D:4      | Killed JaaP's ghost
  2409 | D:4      | Reached skill level 5 in Fighting
  2409 | D:4      | Reached skill level 6 in Polearms
  2409 | D:4      | Reached XP level 7. HP: 50/56 MP: 7/7
  2598 | D:4      | Found a stormy altar of Qazlal.
  2684 | D:4      | XOM: silly message
  2938 | D:4      | XOM: give mutations
  2938 | D:4      | Gained mutation: You are strong-willed. (Will+) [Xom's
                  | grace]
  2938 | D:4      | Gained mutation: Your flesh is heat resistant. (rF+) [Xom's
                  | grace]
  2938 | D:4      | Gained mutation: Your spells are a little harder to cast,
                  | but a little more powerful. [Xom's grace]
  3308 | D:4      | XOM: god gift: chain mail {god gift}
  3334 | D:4      | Reached skill level 7 in Polearms
  3334 | D:4      | Reached XP level 8. HP: 48/64 MP: 8/8
  3338 | D:4      | XOM: god gift: 43 gold pieces
  3578 | D:5      | Entered Level 5 of the Dungeon
  3605 | D:5      | Reached skill level 1 in Shields
  3684 | D:5      | Found a glowing drain.
  3707 | Sewer    | Entered a sewer
  3790 | Sewer    | Reached skill level 1 in Throwing
  3909 | Sewer    | XOM: god gift: 596 gold pieces
  4257 | D:5      | Identified the +1 short sword "Ipsequ" {heavy, Str+3}
  4301 | D:5      | Reached skill level 8 in Polearms
  4433 | D:1      | Bought the +7 kite shield "Mema Gamuetz" {Fly rN+ Str+3}
                  | for 768 gold pieces
  4596 | D:5      | XOM: enchant monster (bad)
  4598 | D:5      | XOM: polymorph killer bee -> river rat
  4622 | D:5      | XOM: noise
  4644 | D:5      | Reached XP level 9. HP: 56/71 MP: 9/9
  4853 | D:5      | Found Peod's Jewellery Emporium.
  5168 | D:5      | XOM: god gift: 2 clear potions {god gift}
  5220 | D:5      | XOM: give mutation
  5220 | D:5      | Gained mutation: You are highly strong-willed. (Will++)
                  | [Xom's grace]
  5266 | D:6      | XOM: summons friendly shadow imp
  5320 | D:6      | XOM: cloud trail
  5856 | D:7      | XOM: noise
  5867 | D:7      | Reached skill level 9 in Polearms
  5884 | D:7      | Reached skill level 1 in Evocations
  5940 | D:7      | XOM: divination: detect items
  6077 | D:7      | Reached skill level 5 in Shields
  6226 | D:7      | Found a staircase to the Ecumenical Temple.
  6235 | Temple   | XOM: stealth player
  6235 | Temple   | Entered the Ecumenical Temple
  6471 | D:7      | XOM: cloud trail
  6524 | D:7      | XOM: silly message
  6761 | D:8      | Found a hide-covered altar of Uskayaw.
  6779 | D:8      | XOM: potion effect (attraction)
  6782 | D:8      | Reached XP level 10. HP: 80/80 MP: 10/10
  6784 | D:8      | Found an iron altar of Okawaru.
  6806 | D:8      | Noticed Gastronok
  6815 | D:8      | XOM: draining
  6816 | D:8      | XOM: chaos cloud
  6823 | D:8      | XOM: summons friendly quasit
  6897 | D:8      | Gastronok changed into Gastronok the rockslime
  6897 | D:8      | Noticed Gastronok
  6897 | D:8      | XOM: polymorph Gastronok -> Gastronok the rockslime
  6988 | D:8      | XOM: summons friendly quasit
  6994 | D:8      | Reached skill level 10 in Polearms
  7269 | D:8      | Noticed Prince Ribbit
  7271 | D:8      | Prince Ribbit changed into Prince Ribbit the hornet
  7271 | D:8      | Noticed Prince Ribbit
  7271 | D:8      | XOM: polymorph Prince Ribbit -> Prince Ribbit the hornet
  7284 | D:8      | Killed Prince Ribbit the hornet
  7328 | D:8      | Found a shimmering blue altar of Sif Muna.
  7397 | D:8      | Found a staircase to the Lair.
  7421 | D:8      | Found a shadowy altar of Dithmenos.
  7422 | D:8      | Found an ancient bone altar of Kikubaaqudgha.
  7422 | D:8      | Found a bloodstained altar of Trog.
  7426 | D:8      | Found a glowing silver altar of Zin.
  7474 | D:8      | XOM: give mutations
  7474 | D:8      | Gained mutation: You have sharp toenails. [Xom's grace]
  7474 | D:8      | Gained mutation: You are robust. (+10% HP) [Xom's grace]
  7474 | D:8      | Gained mutation: You are partially covered in iridescent
                  | scales. (AC +2) [Xom's grace]
  7591 | D:8      | You are sucked into a shaft and drop 3 floors!
  7614 | D:11     | XOM: summons 2 friendly demons
  7676 | D:11     | Noticed a komodo dragon
  7689 | D:11     | Killed a komodo dragon
  7732 | D:11     | XOM: give mutations
  7732 | D:11     | Gained mutation: You are very robust. (+20% HP) [Xom's
                  | grace]
  7732 | D:11     | Gained mutation: You are agile. (Dex +4, Str/Int -1) [Xom's
                  | grace]
  7732 | D:11     | Gained mutation: Your natural rate of healing is unusually
                  | fast. [Xom's grace]
  7770 | D:11     | Noticed a manticore
  7773 | D:11     | XOM: cast spell 'Olgreb's Toxic Radiance'
  7776 | D:11     | Killed a manticore
  7809 | D:10     | Entered Level 10 of the Dungeon
  7827 | D:9      | XOM: confuse monster(s)
  7854 | D:9      | XOM: summons 6 friendly demons
  7965 | D:9      | Reached skill level 11 in Polearms
  8019 | D:9      | XOM: noise
  8095 | D:5      | You are sucked into a shaft and drop 1 floor!
  8112 | D:5      | You are sucked into a shaft and drop 3 floors!
  8171 | D:6      | You are sucked into a shaft and drop 1 floor!
  8216 | D:8      | You are sucked into a shaft and drop 1 floor!
  8369 | D:9      | Found a sacrificial altar of Ru.
  8483 | D:9      | Found a basalt altar of Yredelemnul.
  8484 | D:9      | Found a snail-covered altar of Cheibriados.
  8681 | D:10     | Noticed Snorg
  8686 | D:10     | Identified the +1 dagger of Internal Strife {drain, rCorr
                  | Str-4 Dex+2 SInv}
  8689 | D:10     | Killed Snorg
  8690 | D:10     | Reached skill level 5 in Armour
  8690 | D:10     | Reached XP level 11. HP: 106/106 MP: 11/11
  8694 | D:10     | XOM: cast spell 'Summon Ice Beast'
  8702 | D:10     | XOM: god gift: scroll of fear
  8705 | D:10     | XOM: god gift: staff of poison
  8713 | D:10     | XOM: polymorph orc wizard -> centaur
  8747 | D:10     | Found a staircase to the Orcish Mines.
  8754 | D:10     | Reached skill level 12 in Polearms
  8788 | D:10     | XOM: scenery: create altars
  8911 | D:10     | XOM: divination: detect items
  8922 | D:10     | Reached skill level 10 in Fighting
  9020 | D:10     | Found Verustem's Jewellery Boutique.
  9101 | D:10     | Noticed Erolcha
  9108 | D:10     | XOM: summons friendly hellwing
  9112 | D:10     | Killed Erolcha
  9139 | D:10     | Found a blossoming altar of Fedhas.
  9169 | D:10     | Found a sparkling altar of Nemelex Xobeh.
  9220 | D:10     | Noticed a deep troll
  9231 | D:10     | Killed a deep troll
  9313 | D:10     | XOM: give mutations
  9313 | D:10     | Gained mutation: Your muscles are strong. (Str +4, Int/Dex
                  | -1) [Xom's grace]
  9313 | D:10     | Gained mutation: Your flesh is very heat resistant. (rF++)
                  | [Xom's grace]
  9427 | D:11     | Found a transporter.
  9428 | D:11     | Found a transporter.
  9431 | D:11     | Found a transporter.
  9431 | D:11     | Found a transporter.
  9433 | D:11     | Found a transporter.
  9433 | D:11     | Found a transporter.
  9442 | D:11     | Noticed a tengu warrior
  9444 | D:11     | XOM: god gift: staff of air
  9448 | D:11     | XOM: cleaving
  9452 | D:11     | a tengu warrior changed into a glowing shapeshifter
  9452 | D:11     | Noticed a glowing shapeshifter
  9452 | D:11     | XOM: polymorph tengu warrior -> glowing shapeshifter
  9453 | D:11     | a glowing shapeshifter changed into a dream sheep
  9457 | D:11     | a snapping turtle changed into an elephant
  9457 | D:11     | Noticed an elephant (glowing shapeshifter)
  9460 | D:11     | XOM: confuse monster(s)
  9464 | D:11     | an elephant changed into a jumping spider
  9630 | D:11     | Found Muckaiken's Antique Weapon Shoppe.
  9675 | D:11     | Noticed a cyclops
  9680 | D:11     | Killed a cyclops
  9723 | D:11     | Noticed a boulder beetle
  9723 | D:11     | XOM: summons 11 friendly demons
  9732 | D:11     | Killed a boulder beetle
 10045 | D:11     | XOM: cloud trail
 10103 | D:12     | Identified a scroll of acquirement
 10103 | D:12     | Acquired a +2 bardiche of protection
 10199 | D:12     | Noticed a deep elf pyromancer
 10203 | D:12     | Killed a deep elf pyromancer
 10242 | D:12     | XOM: fog
 10249 | D:12     | Reached XP level 12. HP: 112/116 MP: 12/12
 10251 | D:12     | Reached skill level 13 in Polearms
 10306 | D:12     | XOM: cloud trail
 10524 | D:12     | XOM: cleaving
 10575 | D:12     | Noticed a boulder beetle
 10577 | D:12     | XOM: swap monsters
 10588 | D:12     | Killed a boulder beetle
 10931 | D:5      | Bought the ring of Vodka {rElec rPois rCorr Str+3} for 550
                  | gold pieces
 11037 | D:3      | Killed AceOff's ghost
 11107 | D:3      | XOM: give mutations
 11107 | D:3      | Lost mutation: Your flesh is very heat resistant. (rF++)
                  | [Xom's mischief]
 11107 | D:3      | Lost mutation: You are agile. (Dex +4, Str/Int -1) [Xom's
                  | mischief]
 11202 | Lair:1   | Entered Level 1 of the Lair of Beasts
 11248 | Lair:1   | Identified the +1 pair of boots of the Armadillo {rCorr}
 11369 | Lair:1   | XOM: scenery: summon butterflies
 11403 | Lair:1   | XOM: cleaving
 11664 | Lair:1   | XOM: blink monster(s)
 11673 | Lair:1   | XOM: divination: magic mapping
 11677 | Lair:1   | Reached skill level 14 in Polearms
 11978 | Lair:1   | Acquired 680 gold pieces
 12298 | Lair:2   | XOM: summons 2 friendly demons
 12349 | Lair:2   | Reached XP level 13. HP: 122/127 MP: 13/13
 12374 | Lair:2   | Noticed a four-headed hydra
 12378 | Lair:2   | XOM: cleaving
 12393 | Lair:2   | XOM: smoke on damage
 12407 | Lair:2   | Killed a four-headed hydra
 12510 | Lair:2   | Reached skill level 15 in Polearms
 12677 | Lair:2   | XOM: scenery: summon butterflies
 12680 | Lair:2   | XOM: enchant monster (good)
 12735 | Lair:2   | XOM: enchant monster (good)
 12738 | Lair:2   | XOM: confuse monster(s)
 12854 | Lair:2   | XOM: stat loss: -1 Dex (11/12)
 13166 | D:8      | XOM: give mutations
 13166 | D:8      | Gained mutation: Your flesh is very heat resistant. (rF++)
                  | [Xom's mischief]
 13166 | D:8      | Lost mutation: You are partially covered in iridescent
                  | scales. (AC +2) [Xom's mischief]
 13166 | D:8      | Lost mutation: Your spells are a little harder to cast, but
                  | a little more powerful. [Xom's mischief]
 13166 | D:8      | Lost mutation: You are very robust. (+20% HP) [Xom's
                  | mischief]
 13217 | Lair:3   | Noticed Rupert
 13268 | Lair:3   | XOM: give mutation
 13268 | Lair:3   | Lost mutation: You are highly strong-willed. (Will++)
                  | [Xom's mischief]
 13361 | Lair:3   | XOM: fog
 13371 | Lair:3   | Found a hole to the Spider Nest.
 13377 | Lair:3   | XOM: cleaving
 13448 | Lair:3   | XOM: noise
 13449 | Lair:3   | XOM: summons friendly quasit
 13450 | Lair:3   | XOM: give mutations
 13450 | Lair:3   | Gained mutation: You are dopey. (Int -2) [Xom's mischief]
 13450 | Lair:3   | Lost mutation: You are robust. (+10% HP) [Xom's mischief]
 13451 | Lair:3   | XOM: blink monster(s)
 13543 | Lair:3   | Found a staircase to the Shoals.
 13545 | Lair:3   | XOM: polymorph wind drake -> swamp dragon
 13554 | Lair:3   | XOM: swap monsters
 13681 | Lair:3   | Reached skill level 16 in Polearms
 13766 | Lair:3   | XOM: summons 7 hostile demons
 13771 | Lair:3   | XOM: fog
 13787 | Lair:3   | XOM: polymorph ufetubus -> shadow imp
 13894 | Lair:3   | Identified the +3 leather armour of Micooqiu {rElec rC+ rN+
                  | Int-2}
 13975 | Lair:3   | XOM: cleaving
 14253 | Lair:3   | Identified the +2 leather armour of the Thirsty Moons
                  | {Rampage rC+ Str-5 Dex+4}
 14396 | Lair:3   | Noticed a five-headed hydra
 14410 | Lair:3   | Killed a five-headed hydra
 14621 | Lair:4   | XOM: summons 2 hostile shadow creatures
 14666 | Lair:4   | XOM: potion effect (brilliance)
 14705 | Lair:4   | XOM: destruction
 14709 | Lair:4   | XOM: noise
 14734 | Lair:4   | XOM: enchant monster (good)
 14799 | Lair:4   | Noticed a catoblepas
 14809 | Lair:4   | Killed a catoblepas
 14810 | Lair:4   | Reached XP level 14. HP: 109/118 MP: 14/14
 14890 | Lair:4   | Reached skill level 17 in Polearms
 15475 | Lair:4   | XOM: cloud trail
 15710 | Lair:5   | Entered Level 5 of the Lair of Beasts
 15710 | Lair:5   | XOM: confuse monster(s)
 15716 | Lair:5   | XOM: confuse monster(s)
 15764 | Lair:5   | XOM: noise
 15773 | Lair:5   | XOM: enchant monster (good)
 15853 | Lair:5   | XOM: repel stairs
 15875 | Lair:5   | XOM: summons 8 hostile demons
 15876 | Lair:5   | XOM: give mutations
 15876 | Lair:5   | Gained mutation: Your muscles are very strong. (Str +8,
                  | Int/Dex -2) [Xom's mischief]
 15876 | Lair:5   | Lost mutation: Your natural rate of healing is unusually
                  | fast. [Xom's mischief]
 15876 | Lair:5   | Gained mutation: You do not regenerate when monsters are
                  | visible. [Xom's mischief]
 15884 | Lair:5   | XOM: summons 2 hostile demons
 15885 | Lair:5   | XOM: noise
 15887 | Lair:5   | XOM: fog
 15891 | Lair:5   | XOM: swap monsters
 15916 | Lair:5   | Reached skill level 18 in Polearms
 15934 | Lair:5   | XOM: give mutations
 15934 | Lair:5   | Lost mutation: You are strong-willed. (Will+) [Xom's
                  | mischief]
 15934 | Lair:5   | Gained mutation: You are frail. (-10% HP) [Xom's mischief]
 15934 | Lair:5   | Lost mutation: You do not regenerate when monsters are
                  | visible. [Xom's mischief]
 15934 | Lair:5   | Gained mutation: Your flesh is almost immune to the effects
                  | of heat. (rF+++) [Xom's mischief]
 15938 | Lair:5   | XOM: silly message
 16031 | Lair:5   | XOM: scenery: create altars
 16057 | Lair:5   | Lost mutation: Your flesh is almost immune to the effects
                  | of heat. (rF+++) [potion of mutation]
 16057 | Lair:5   | Lost mutation: You are frail. (-10% HP) [potion of
                  | mutation]
 16057 | Lair:5   | Gained mutation: You are frail. (-10% HP) [potion of
                  | mutation]
 16057 | Lair:5   | Gained mutation: You are covered in fur. (AC +1) [potion of
                  | mutation]
 16057 | Lair:5   | Gained mutation: You have hidden genetic potential. [potion
                  | of mutation]
 16074 | Lair:5   | XOM: cloud trail
 16353 | Lair:5   | Found a staircase to the Slime Pits.
 16353 | Lair:5   | Found a viscous altar of Jiyva.
 16473 | Lair:5   | XOM: noise
 16538 | Lair:5   | XOM: silly message
 16654 | Lair:5   | XOM: silly message
 16752 | Lair:5   | XOM: divination: detect items
 16755 | Lair:5   | XOM: silly message
 16790 | Lair:5   | XOM: enchant monster (good)
 16793 | Lair:5   | Reached XP level 15. HP: 108/114 MP: 15/15
 16841 | Lair:5   | XOM: polymorph hell hound -> efreet
 16850 | Lair:5   | XOM: swap monsters
 16855 | Lair:5   | XOM: silly message
 16863 | Lair:5   | XOM: silly message
 17005 | Lair:5   | Reached skill level 15 in Fighting
 17173 | Lair:5   | XOM: summons 3 hostile demons
 17282 | Lair:3   | XOM: draining
 17689 | Lair:3   | Found a staircase to the Shoals.
 17799 | Lair:3   | Found a hole to the Spider Nest.
 17834 | Lair:3   | Killed Rupert
 17835 | Lair:3   | Reached skill level 19 in Polearms
 18044 | Orc:1    | Entered Level 1 of the Orcish Mines
 18134 | Orc:1    | Noticed an orc warlord
 18135 | Orc:1    | XOM: polymorph orc warlord -> orc warlord
 18143 | Orc:1    | XOM: silly message
 18147 | Orc:1    | You are sucked into a shaft and drop 1 floor!
 18147 | Orc:2    | Entered Level 2 of the Orcish Mines
 18197 | Orc:2    | XOM: god gift: scroll labelled GEELO PUNOEPLE {god gift}
 18503 | Orc:2    | Found a burning altar of Makhleb.
 18550 | Orc:2    | XOM: scenery: summon butterflies
 18594 | Orc:2    | XOM: divine lightning
 18634 | Orc:1    | XOM: confuse monster(s)
 18745 | Orc:1    | Killed an orc warlord
 19043 | Orc:1    | XOM: give mutation
 19043 | Orc:1    | Gained mutation: You passively map a small area around you.
                  | [Xom's grace]
 19121 | Orc:1    | Found a transporter.
 19378 | Orc:1    | XOM: scenery: create altars
 19496 | Orc:1    | XOM: scenery: summon butterflies
 19618 | Orc:1    | Identified the ring "Mynat" {Drain rPois Will++ MP+9 Dex+4}
                  | (Xom gifted it to you on level 1 of the Orcish Mines)
 19618 | Orc:1    | XOM: god gift: ring "Mynat" {Drain rPois Will++ MP+9 Dex+4}
 19712 | Orc:2    | Gained mutation: Your flesh is cold resistant. (rC+)
                  | [hidden potential]
 19794 | Orc:2    | Found Iheir's Book Shop.
 19833 | Orc:2    | Found Daudghed's Magic Scroll Boutique.
 19834 | Orc:2    | Found Afyshos's Book Emporium.
 19842 | Orc:2    | Reached skill level 10 in Shields
 19847 | Orc:2    | Found a staircase to the Elven Halls.
 19855 | Orc:2    | XOM: polymorph two-headed ogre -> alligator
 19934 | Orc:2    | Bought a scroll of enchant armour for 105 gold pieces
 19934 | Orc:2    | Bought a scroll of fog for 56 gold pieces
 19934 | Orc:2    | Bought a scroll of fog for 56 gold pieces
 19934 | Orc:2    | Bought a scroll of immolation for 56 gold pieces
 19934 | Orc:2    | Bought a scroll of identify for 28 gold pieces
 19934 | Orc:2    | Bought 2 scrolls of revelation for 210 gold pieces
 19934 | Orc:2    | Bought a scroll of silence for 133 gold pieces
 19938 | Orc:2    | Found Wicuj's Jewellery Boutique.
 20429 | Orc:1    | Noticed a stone giant
 20432 | Orc:1    | Found a bloodstained altar of Trog.
 20432 | Orc:1    | Found the necklace of Bloodlust {Fury *Rage Will++ Int-3
                  | Slay+6}
 20534 | D:13     | Found Ekass's Magic Scroll Shop.
 20538 | D:13     | XOM: repel stairs
 20559 | D:13     | Bought a scroll of enchant armour for 120 gold pieces
 20559 | D:13     | Bought a scroll of identify for 32 gold pieces
 20559 | D:13     | Bought a scroll of poison for 64 gold pieces
 20559 | D:13     | Bought a scroll of vulnerability for 64 gold pieces
 20559 | D:13     | Bought a scroll of fear for 64 gold pieces
 20559 | D:13     | Bought a scroll of fear for 64 gold pieces
 20587 | D:13     | Reached skill level 5 in Evocations
 20675 | D:13     | Found Kyam's Book Boutique.
 20898 | D:13     | XOM: enchant monster (bad)
 20943 | D:13     | XOM: give mutations
 20943 | D:13     | Lost mutation: You have hidden genetic potential. [Xom's
                  | mischief]
 20943 | D:13     | Lost mutation: You have sharp toenails. [Xom's mischief]
 20943 | D:13     | Lost mutation: Your muscles are very strong. (Str +8,
                  | Int/Dex -2) [Xom's mischief]
 20957 | D:13     | Found a gate to the Vaults.
 20988 | D:13     | Reached XP level 16. HP: 122/122 MP: 16/16
 21139 | D:13     | XOM: silly message
 21150 | D:13     | Found Cusolodu's Book Emporium.
 21153 | D:13     | Found Padaemp's Jewellery Boutique.
 21231 | D:14     | Noticed Azrael
 21238 | D:14     | XOM: summons friendly quasit
 21246 | D:14     | XOM: chaos cloud
 21250 | D:14     | Killed Azrael
 21314 | D:14     | XOM: confusion
 21478 | D:14     | Noticed Roxanne
 21610 | D:14     | XOM: give mutations
 21610 | D:14     | Gained mutation: Your flesh is very cold resistant. (rC++)
                  | [Xom's mischief]
 21610 | D:14     | Gained mutation: Your muscles are very strong. (Str +8,
                  | Int/Dex -2) [Xom's mischief]
 21610 | D:14     | Gained mutation: You are strong-willed. (Will+) [Xom's
                  | mischief]
 21610 | D:14     | Lost mutation: You are strong-willed. (Will+) [Xom's
                  | mischief]
 21617 | D:14     | XOM: polymorph tengu warrior -> slime creature
 21631 | D:14     | Reached skill level 20 in Polearms
 21862 | D:14     | XOM: god gift: scroll of enchant weapon
 22015 | D:14     | XOM: noise
 22049 | D:14     | XOM: noise
 22323 | D:14     | XOM: confusion (+ monsters)
 22528 | D:14     | XOM: scenery: 2 doors close
 22586 | D:14     | Killed from afar by Roxanne

Illustrated notes

Levels and vault maps discovered:
D:1:      eino_arrival_tree_alley, layout_loops_ring, serial_shops, shop,
          chequers_jeans
D:2:      layout_rooms, chequers_ecumenical_altar_island, serial_corexii_hall,
          corexii_hall_statues_l, corexii_hall_statues_l
D:3:      layout_loops_ring, serial_shops, nicolae_shop_tiny_real_fake_doors,
          ebering_ghost_gozag, minmay_fractal_squares_5
D:4:      minmay_chambers_of_threes, layout_basic, lemuel_round_altar,
          ebering_ghost_disaster_area
D:5:      layout_loops_ring, serial_shops, nicolae_shop_gaudy_bauble,
          mainiacjoe_sewer_entry_somewhere_in_here_1,
          kennysheep_cross_bottleneck, minmay_liquid_box
D:6:      layout_rooms
D:7:      layout_basic, minmay_temple_entry_antechambers,
          nicolae_elevator_lobby_plus
D:8:      layout_loops_cross, lemuel_crystal_altar, nicolae_uskayaw_suspiria,
          tgw_sif, minitemple, uniq_prince_ribbit1, uniq_gastronok
D:9:      layout_cave_pools, mainiacjoe_overflow_boulevard,
          nicolae_overflow_two_pavilions, nicolae_fort_ynox
D:10:     layout_long_grid, mainiacjoe_overflow_two_lobes, erik_orc_4,
          serial_shops, shop, kennysheep_just_a_vault, uniq_snorg, uniq_erolcha
D:11:     layout_grid_maze, serial_shops, shop, serial_nicolae_subway,
          nicolae_sub_station_crystal, nicolae_sub_station_metal,
          nicolae_sub_station_stone
D:12:     layout_long_grid
D:13:     layout_rooms, david_vaults_4, serial_shops, nicolae_stop_n_shop_2,
          nicolae_shop_peninsula, nicolae_book_shop_shelving, shop,
          minmay_misc_feat_tiny
D:14:     four-leaf_vault, layout_stronghold, kennysheep_decorative_pillar,
          uniq_azrael, uniq_roxanne
Temple:   jpeg_temple_island
Lair:1:   layout_gridlike
Lair:2:   layout_chaotic_city, grunt_megastairs_3
Lair:3:   layout_layer_cave, minmay_shoals_entry_beasts,
          nicolae_spider_entry_non_spiders, chequers_serial_rivers_room_b,
          nicolae_quartered_pool_super, uniq_rupert
Lair:4:   layout_concentric_octagons, minivault_23
Lair:5:   hangedman_lair_caniforms_friends, layout_loops_ring,
          nicolae_slime_entry_slimehenge, nicolae_lair_yak_garden
Orc:1:    emtedronai_trogs_sanctum, layout_caves
Orc:2:    st_orc_open, layout_caves, basic_altar

Skill      XL: |  1  2  3  4  5  6  7  8  9 10 11 12 13 14 15 16 |
---------------+-------------------------------------------------+-----
Stealth        | 2 |  2.0
Dodging        | 1 2 3 4 |  4.9
Fighting       | 4 5 6 8 9 10 11 13 14 15 | 15.3
Polearms       | 4 5 6 7 8 9 11 12 14 16 18 19 20 | 20.1
Shields        | 3 6 7 8 9 10 | 10.8
Throwing       | 2 3 |  3.0
Evocations     | 3 5 6 |  6.0
Armour         | 5 6 7 8 |  8.8

Action                     |  1- 3 |  4- 6 |  7- 9 | 10-12 | 13-15 | 16-18 || total
---------------------------+-------+-------+-------+-------+-------+-------++-------
  Melee: Spear             |    94 |   155 |   450 |    15 |     6 |       ||   720
         Halberd           |       |       |   119 |   237 |       |       ||   356
         Punch             |       |       |     1 |       |       |       ||     1
         Bardiche          |       |       |       |   208 |   923 |   153 ||  1284
         Trident           |       |       |       |       |    37 |       ||    37
  Throw: Stone             |     1 |     7 |    35 |    14 |    38 |    13 ||   108
         Dart              |       |       |     2 |     2 |       |       ||     4
         Throwing net      |       |       |       |     2 |     1 |       ||     3
Ability: Shaft Self        |       |       |       |     5 |     1 |       ||     6
         Dig               |       |       |       |       |     4 |       ||     4
  Evoke: Wand              |       |       |       |     7 |    11 |       ||    18
    Use: Scroll            |     1 |     4 |     8 |     8 |    13 |     3 ||    37
         Potion            |       |       |       |     1 |     6 |     1 ||     8
   Stab: Petrified         |     9 |       |       |       |       |       ||     9
         Sleeping          |     9 |     7 |     1 |       |       |       ||    17
         Paralysed         |     1 |     2 |     6 |       |       |       ||     9
         Invisible         |       |     6 |     1 |       |     2 |       ||     9
         Confused          |       |       |       |     2 |    10 |       ||    12
         Distracted        |       |       |       |     1 |     1 |       ||     2
 Armour: Leather armour    |    28 |    50 |    99 |       |       |       ||   177
         Chain mail        |       |       |    34 |       |       |       ||    34
         Plate armour      |       |       |       |   135 |   396 |    63 ||   594
         Skin              |       |       |       |       |       |     3 ||     3
  Dodge: Dodged            |    27 |    39 |   108 |   149 |   303 |    13 ||   639
  Block: Other             |       |    24 |    21 |       |       |       ||    45
         Reflection        |       |     2 |     7 |     9 |    22 |    35 ||    75
         Kite shield       |       |       |   265 |   508 |   999 |   143 ||  1915

Table legend: (Time is in decaauts)
 A = Elapsed time spent in this place.
 B = Non-inter-level travel time spent in this place.
 C = Inter-level travel time spent in this place.
 D = Time resting spent in this place.
 E = Time spent auto-exploring this place.
 F = Levels seen in this place.
 G = Mean time per level.
                   A        B        C        D        E       F      G
               +--------+--------+--------+--------+--------+-----+--------+
         Total |  22674 |  20575 |   2099 |    793 |  13248 |  23 |  985.8 |
       Dungeon |  12954 |  11582 |   1372 |    319 |   7781 |  14 |  925.3 |
        Temple |      1 |      1 |      0 |      0 |      0 |   1 |    1.0 |
          Lair |   6818 |   6400 |    418 |    234 |   4250 |   5 | 1363.6 |
  Orcish Mines |   2428 |   2120 |    308 |    240 |   1138 |   2 | 1214.0 |
         Sewer |    472 |    472 |      0 |      0 |     79 |   1 |  472.0 |
               +--------+--------+--------+--------+--------+-----+--------+

Top non-repeatable levels by time:
  Lair:3: 2013 daAuts
  Lair:5: 1469 daAuts
     D:4: 1461 daAuts
  Lair:4: 1276 daAuts
    D:14: 1239 daAuts
   Orc:1: 1214 daAuts
   Orc:2: 1214 daAuts
     D:7: 1154 daAuts
     D:5: 1119 daAuts
  Lair:1: 1043 daAuts
  Lair:2: 1016 daAuts
     D:3: 991 daAuts
    D:11: 945 daAuts
     D:8: 902 daAuts
    D:10: 819 daAuts
